Map: Cyber Forest LE

Players

Samwise - Winner!

  • Race: Protoss Protoss
  • League: Platinum
  • Spawn Location: 5:00

A.I. 1 (Elite)

  • Race: Zerg Zerg
  • Spawn Location: 11:00

VOD

Have the link to the VOD?

Description

Time

  • Played on: Sept. 1, 2019, 1:28 p.m.
  • Length: 10:18
Show
View Real Time Build Order
Export as new Build Order

Samwise Protoss - Winner!

Build Orders: 1 Gate Expand, Oracle Opening, Phoenix Opening, Zealot Archon 

Get SALT Encoding   

  12  0:01  Probe  
  13  0:13  Probe  
  14  0:21  Pylon  
  14  0:25  Probe  
  15  0:37  Probe  
  16  0:44  Gateway  
  16  0:45  Probe  
  17  0:51  Assimilator  
  17  0:57  Probe  
  18  1:09  Probe  
  19  1:21  Probe  
  20  1:32  Nexus  
  20  1:33  Probe  
  21  1:41  Cybernetics Core  
  21  1:48  Probe  
  21  1:49  Assimilator  
  22  1:58  Pylon  
  22  2:00  Probe  
  22  2:09  Adept  
  22  2:17  Probe  
  22  2:20  Warp Gate  
  25  2:29  Probe  
  26  2:35  Stargate  
  26  2:40  Probe  
  26  2:44  Probe  
  28  2:46  Adept  
  28  2:48  Probe  
  30  2:56  Probe  
  32  2:58  Probe  
  32  3:01  Pylon  
  33  3:08  Probe  
  34  3:14  Gateway  
  34  3:15  Adept  
  34  3:19  Phoenix  
  38  3:20  Probe  
  38  3:21  Probe  
  40  3:32  Probe  
  40  3:33  Probe  
  42  3:38  Assimilator  
  42  3:41  Assimilator  
  42  3:44  Oracle  
  42  3:45  Probe x2  
  47  4:02  Pylon  
  47  4:03  Probe x2  
  47  4:05  Robotics Facility  
  49  4:15  Probe x2  
  51  4:24  Twilight Council  
  51  4:27  Probe  
  51  4:28  Probe  
  53  4:39  Probe  
  53  4:40  Probe  
  55  4:45  Gateway  
  55  4:47  Gateway  
  55  4:49  Gateway  
  55  4:51  Gateway  
  55  4:54  Warp Prism  
  57  5:06  Charge  
  57  5:24  Immortal  
  57  5:27  Templar Archives  
  57  5:30  Gateway  
  57  5:33  Gateway x2  
  61  5:52  Pylon  
  61  5:56  Pylon  
  61  5:58  Pylon x2  
  61  6:00  Immortal, Pylon  
  61  6:01  Pylon  
  61  6:03  Pylon  
  65  6:13  Sentry  
  65  6:14  Sentry x5  
  77  6:30  Immortal  
  77  6:32  High Templar  
  79  6:33  High Templar  
  79  6:39  Zealot x4  
  93  6:40  Zealot x3  
  93  6:45  Archon  
  99  7:00  High Templar x2  
  103  7:04  Zealot x4  
  103  7:05  Zealot x2  
  103  7:06  Archon  
  115  7:13  Pylon  
  115  7:16  Pylon  
  115  7:33  High Templar x2  
  115  7:35  Zealot x3  
  125  7:38  Archon  
  125  8:16  Zealot  
  125  8:17  Zealot x3  
  125  8:18  Zealot  
  117  8:37  Zealot x5  
  117  8:38  Zealot x3  
  120  8:57  High Templar  
  120  8:58  High Templar x3  
  120  8:59  High Templar x2  
  120  9:00  Zealot  
  120  9:02  Archon x2  
  134  9:04  Archon  
  132  9:47  High Templar  
  134  10:04  Pylon  
  134  10:05  Pylon  
  134  10:08  Pylon  
  134  10:10  Pylon  
Show
View Real Time Build Order
Export as new Build Order

A.I. 1 (Elite) Zerg 

Build Orders: Pool First 

Get SALT Encoding   

  12  0:00  Drone  
  13  0:12  Overlord  
  13  0:16  Drone  
  14  0:31  Drone x2  
  16  0:42  Spawning Pool  
  15  0:45  Drone  
  16  0:50  Drone  
  17  1:30  Queen  
  17  1:31  Zergling x4  
  21  1:36  Drone  
  22  1:43  Overlord  
  22  1:45  Extractor  
  21  1:53  Drone  
  22  2:04  Drone, Hatchery  
  22  2:06  Queen  
  24  2:14  Drone  
  25  2:25  Drone  
  26  2:35  Drone  
  27  2:37  Drone  
  27  2:38  Roach Warren, Drone  
  27  2:40  Extractor  
  27  2:41  Drone  
  28  2:49  Overlord  
  28  2:58  Drone  
  29  3:09  Drone  
  29  3:11  Drone x2, Zergling x2  
  33  3:16  Drone  
  34  3:20  Roach  
  34  3:26  Roach  
  38  3:31  Roach  
  40  3:37  Roach  
  40  3:39  Drone x2  
  44  3:43  Overlord  
  44  3:50  Lair  
  44  3:55  Metabolic Boost  
  44  4:00  Overlord  
  44  4:03  Drone  
  44  4:06  Drone  
  44  4:08  Drone  
  47  4:10  Zergling x2  
  47  4:12  Zergling x2  
  47  4:14  Zergling x2  
  50  4:21  Evolution Chamber  
  50  4:22  Drone  
  50  4:27  Evolution Chamber, Drone  
  50  4:29  Drone  
  51  4:32  Drone  
  51  4:34  Drone  
  51  4:37  Drone  
  54  4:49  Zerg Missile Weapons Level 1, Hydralisk Den, Drone  
  54  4:53  Zerg Ground Armor Level 1  
  54  4:56  Overlord  
  54  4:59  Roach  
  56  5:01  Drone  
  56  5:04  Roach  
  54  5:12  Drone  
  48  5:15  Drone  
  48  5:18  Drone  
  48  5:19  Hydralisk  
  52  5:26  Hydralisk  
  54  5:29  Drone  
  54  5:32  Drone  
  54  5:34  Drone  
  57  5:37  Drone  
  57  5:39  Drone  
  57  5:42  Drone  
  60  5:44  Drone  
  60  5:49  Overlord  
  61  5:50  Drone  
  61  5:53  Drone  
  63  5:59  Drone  
  63  6:02  Drone  
  65  6:04  Infestation Pit  
  65  6:08  Drone  
  65  6:10  Drone  
  66  6:13  Overlord  
  66  6:15  Drone  
  67  6:18  Drone  
  67  6:20  Drone  
  69  6:29  Drone  
  69  6:31  Overlord, Drone x2, Roach  
  74  6:41  Drone  
  74  6:42  Roach  
  74  6:46  Ravager, Zerg Melee Weapons Level 1  
  78  6:47  Evolution Chamber  
  78  6:51  Extractor  
  78  6:52  Drone  
  78  6:53  Drone  
  78  6:55  Hatchery  
  78  6:59  Infestor  
  78  7:00  Drone, Roach  
  82  7:03  Overlord, Roach  
  84  7:14  Drone, Roach  
  84  7:15  Extractor  
  85  7:21  Overseer  
  85  7:24  Infestor  
  85  7:25  Drone  
  85  7:28  Overlord, Roach  
  90  7:31  Roach  
  90  7:35  Roach  
  94  7:37  Drone  
  95  7:46  Roach  
  95  7:47  Roach  
  99  7:56  Overlord  
  99  7:57  Roach x3  
  105  7:59  Hydralisk  
  107  8:07  Drone, Roach  
  107  8:10  Drone  
  110  8:17  Zergling x2  
  110  8:18  Zergling x2  
  100  8:20  Drone  
  100  8:25  Drone, Infestor  
  100  8:26  Zergling x2  
  97  8:28  Zergling x2  
  97  8:29  Zergling x2, Extractor  
  97  8:31  Extractor  
  97  8:32  Infestor  
  80  8:39  Roach  
  80  8:40  Roach  
  56  8:43  Roach  
  55  8:50  Drone  
  55  8:54  Drone  
  20  9:24  Hatchery  
  10  9:57  Drone x2  
  2  10:14  Hatchery  
Tags
 
Add a new tag
Caveats
  • Supply blocks, unpowered buildings, or Contaminate may cause inaccurate times.
  • Supply counts are checked every 10 seconds.